 Dungeon Crawl Stone Soup version 0.27-a0-1248-g57ac2eb73c (webtiles) character file.

Game seed: 14895376175883391279

4032 Delamore the Spear-Bearer (level 10, -6/74 HPs)
             Began as a Formicid Fighter on June 10, 2021.
             Was a Priest of Elyvilon.
             Mangled by an orc knight
             ... wielding a +0 broad axe
              (24 damage)
             ... in a bailey.
             The game lasted 00:09:44 (8951 turns).

Delamore the Spear-Bearer (Formicid Fighter)        Turns: 8951, Time: 00:09:45

Health: -6/74      AC: 12    Str: 25    XL:     10   Next: 48%
Magic:  12/13      EV:  6    Int:  7    God:    Elyvilon [***...]
Gold:   429        SH: 10    Dex: 10    Spells: 9/9 levels left

rFire    . . .     SeeInvis +   a - +1 trident (venom)
rCold    . . .     Faith    .   c - +1 kite shield
rNeg     . . .     Spirit   .   j - +0 chain mail
rPois    +         Reflect  .   (helmet unavailable)
rElec    .         Harm     .   m - +0 cloak
rCorr    .         Rampage  .   n - +1 pair of gloves
Will     +....                  (no boots)
Stlth    ..........             (no amulet)
HPRegen  0.22/turn              h - ring of poison resistance
MPRegen  0.13/turn              (no ring)

@: mighty
A: permanent stasis, dig shafts and tunnels, antennae 3, four strong arms
a: Dig, Renounce Religion, Lesser Healing, Heal Other, Purification, Divine
Protection


You were in a bailey.
You worshipped Elyvilon.
Elyvilon was most pleased with you.
You visited 1 branch of the dungeon, and saw 8 of its levels.
You also visited: Bailey.

You collected 429 gold pieces.

Inventory:

Hand Weapons
 a - a +1 trident of venom (weapon)
Missiles
 e - 3 javelins
 g - 4 boomerangs of dispersal
 i - 5 silver boomerangs
 o - 7 silver javelins
 q - a curare-tipped dart
 s - 18 poisoned darts (quivered)
Armour
 b - a +0 scale mail
 c - a +1 kite shield (worn)
 j - a +0 chain mail (worn)
 m - a +0 cloak (worn)
 n - a +1 pair of gloves (worn)
Jewellery
 h - a ring of poison resistance (left hand)
Wands
 k - a wand of flame (8)
Scrolls
 w - a scroll of enchant weapon
 x - 3 scrolls of identify
 y - a scroll of enchant armour
Potions
 d - 2 potions of might
 f - a potion of berserk rage
 l - a potion of magic
 p - 2 potions of brilliance
 r - 2 potions of lignification
 t - a potion of attraction
 u - 4 potions of curing
 v - a potion of heal wounds
 z - a potion of haste


   Skills:
 - Level 5.0 Fighting
 * Level 13.1 Polearms
 - Level 3.2 Armour
 - Level 3.6 Shields
 + Level 4.7 Invocations


You had 9 spell levels left.
You didn't know any spells.
Your spell library contained the following spells:

 Spells                   Type           Power      Damage    Failure   Level
 Animate Skeleton         Necr           0%         N/A       100%        1
 Corona                   Hex            0%         N/A       100%        1
 Pain                     Necr           0%         1d4       100%        1
 Poisonous Vapours        Pois/Air       0%         N/A       100%        2
 Slow                     Hex            0%         N/A       100%        2
 Conjure Flame            Conj/Fire      0%         6-21      100%        3
 Inner Flame              Hex/Fire       0%         N/A       100%        3
 Mephitic Cloud           Conj/Pois/Air  0%         N/A       100%        3
 Portal Projectile        Hex/Tloc       0%         N/A       100%        3
 Vampiric Draining        Necr           0%         2d6       100%        3
 Animate Dead             Necr           0%         N/A       100%        4
 Cause Fear               Hex            0%         N/A       100%        4
 Leda's Liquefaction      Hex/Erth       0%         N/A       100%        4
 Agony                    Necr           0%         N/A       100%        5
 Freezing Cloud           Conj/Ice/Air   0%         6-21      100%        6


Dungeon Overview and Level Annotations

Branches:
Dungeon (8/15)             Temple (0/1) D:5          Bailey (1/1)
   Lair: D:8-11

Altars:
Elyvilon
Fedhas
Makhleb
Qazlal

Shops:
D:4 :[   D:5 (


Innate Abilities, Weirdness & Mutations

You cannot be hasted, slowed, berserked, paralysed or teleported.
You can dig through walls and to a lower floor.
You have a pair of large antennae on your head. (SInv)
Your four strong arms can wield two-handed weapons with a shield.


Message History

You puncture the orc warrior!
You kill the orc warrior!
Reach: a) +1 trident (venom)
Press: ? - help, Dir - move target, f - you That would be overly suicidal.
Okay, then.
Reach: a) +1 trident (venom)
Press: ? - help, Dir - move target, f - you That would be overly suicidal.
Okay, then.
Reach: a) +1 trident (venom)
Press: ? - help, Dir - move target, f - orc knight
Aim: an orc knight, wielding a +0 broad axe and wearing a +0 chain mail (about 38% to evade your +1 trident of venom)
You reach to attack!
You barely miss the orc knight.
The orc knight roars a battlecry!
The orc knight goes into a battle-frenzy!
Reach: a) +1 trident (venom)
Press: ? - help, Dir - move target, f/p - orc knight
Aim: an orc knight, wielding a +0 broad axe and wearing a +0 chain mail (strong, about 38% to evade your +1 trident of venom)
You closely miss the orc knight.
The orc knight hits you with a +0 broad axe!!
You closely miss the orc knight.
The orc knight hits you with a +0 broad axe.
You puncture the orc knight!
The orc knight is poisoned.
The orc knight is lightly wounded.
The orc knight hits you with a +0 broad axe!
You barely miss the orc knight.
The orc knight is lightly wounded.
The orc knight hits you but does no damage.
You hit the orc knight.
The orc knight looks as sick as possible!
The orc knight is lightly wounded.
You are healed.
You barely miss the goblin.
The orc knight hits you with a +0 broad axe!!
* * * LOW HITPOINT WARNING * * *
The orc knight no longer looks unusually strong.
You feel much better.
The orc knight hits you with a +0 broad axe!!
You die...

.'..)).......# ...ggg#8......
.'...).⌠.....# ..go{{oo{...⌠.
.'...).......# ....{{#8o{....
.#...........# ...o. #8..{...
.##.........### ....
###.{{... .♣###...).###.###
...###.###.... ♣♣
###.#)#.....###.###.....#)#.#
###)........###.......).###
#........@..#...........#
#........oo.#...........#
#.....⌠.....#)....⌠.....#
#...........g)..........#
#...........#)..........#
##.........###.........##
###.....### ###.....###
###.### ###.### ## ###


You could see 2 orc knights and a goblin.

Vanquished Creatures
  Eustachio (D:6)
  A wyvern (D:7)
  A steam dragon (D:7)
  Edmund (D:5)
  3 water moccasins
  A sky beast (D:7)
  A hornet zombie (D:7)
  An ice beast (D:6)
  9 orc warriors
  A necrophage (D:7)
  2 ogres
  A centaur (D:4)
  2 kobold brigands
  4 scorpions
  2 wyvern skeletons
  5 wights (D:4)
  A howler monkey (D:6)
  A centaur zombie (D:6)
  A bullfrog zombie (D:5)
  2 hounds (D:5)
  Crazy Yiuf (D:2)
  2 orc priests
  A bullfrog skeleton (D:5)
  A centaur skeleton (D:5)
  5 iguanas
  Natasha (thrice) (D:2)
  4 orc wizards
  A hound skeleton (D:5)
  2 howler monkey skeletons
  4 adders
  13 gnolls (Bailey)
  2 shadow imps
  A white imp (D:5)
  2 ufetubi
  An adder skeleton (D:4)
  4 worms
  4 dart slugs
  28 orcs
  3 bats
  9 endoplasms
  3 giant cockroaches (D:1)
  20 goblins
  19 hobgoblins
  18 jackals
  31 kobolds
  6 quokkas
  8 ball pythons
  5 frilled lizards
  9 rats
251 creatures vanquished.

Vanquished Creatures (others)
  10 plants (D:4)
10 creatures vanquished.

Grand Total: 261 creatures vanquished

Notes
Turn   | Place    | Note
-------+----------+-------------------------------------------
     0 | D:1      | Delamore the Formicid Fighter began the quest for the Orb.
     0 | D:1      | Reached XP level 1. HP: 18/18 MP: 1/1
    87 | D:1      | Reached XP level 2. HP: 24/24 MP: 2/2
   230 | D:1      | Reached XP level 3. HP: 29/30 MP: 3/3
   266 | D:1      | Reached skill level 3 in Polearms
   523 | D:1      | Found a faded altar of an unknown god.
   587 | D:1      | Became a worshipper of Elyvilon the Healer
   587 | D:1      | Reached * piety under Elyvilon
   758 | D:1      | Reached XP level 4. HP: 36/37 MP: 4/4
  1244 | D:2      | Found a runed translucent door.
  1245 | D:2      | Noticed Crazy Yiuf
  1316 | D:2      | Noticed Natasha
  1323 | D:2      | Killed Natasha
  1324 | D:2      | Reached skill level 4 in Polearms
  1447 | D:2      | Reached ** piety under Elyvilon
  1457 | D:2      | Noticed Natasha
  1462 | D:2      | Killed Natasha
  1463 | D:2      | Reached XP level 5. HP: 43/43 MP: 5/5
  1502 | D:2      | Noticed Natasha
  1506 | D:2      | Killed Natasha
  1927 | D:2      | Killed Crazy Yiuf
  2078 | D:2      | Reached XP level 6. HP: 42/49 MP: 6/6
  2367 | D:3      | Reached skill level 5 in Polearms
  2817 | D:4      | Noticed an orc warrior
  2827 | D:4      | Killed an orc warrior
  2828 | D:4      | Reached skill level 5 in Fighting
  2835 | D:4      | HP: 1/51 [orc priest/nerve-wracking pain (8)]
  2837 | D:4      | Reached skill level 6 in Polearms
  2837 | D:4      | Reached XP level 7. HP: 8/56 MP: 7/7
  3196 | D:4      | Found Isafi's Armour Shoppe.
  3404 | D:4      | Reached skill level 7 in Polearms
  3616 | D:4      | Found Jeucomug's Book Shop.
  3678 | D:4      | Reached *** piety under Elyvilon
  3758 | D:4      | Reached XP level 8. HP: 62/62 MP: 8/8
  4046 | D:4      | Reached skill level 8 in Polearms
  4808 | D:5      | Entered Level 5 of the Dungeon
  4825 | D:5      | Found a staircase to the Ecumenical Temple.
  4862 | D:5      | Reached skill level 9 in Polearms
  5297 | D:5      | Reached skill level 10 in Polearms
  5297 | D:5      | Reached XP level 9. HP: 68/68 MP: 9/9
  5390 | D:5      | Found Yskyxzo's Antique Weapon Emporium.
  5455 | D:5      | Noticed Edmund
  5466 | D:5      | Killed Edmund
  5890 | D:6      | Reached **** piety under Elyvilon
  6315 | D:6      | Reached skill level 11 in Polearms
  6602 | D:6      | Noticed Eustachio
  6637 | D:6      | Killed Eustachio
  6705 | D:6      | Identified the +5 whip of Xom's Regard {vorpal, rN+}
  6939 | D:7      | Reached skill level 12 in Polearms
  7183 | D:7      | Reached skill level 1 in Invocations
  7407 | D:7      | Reached XP level 10. HP: 54/74 MP: 11/11
  7811 | D:7      | Found a white marble altar of Elyvilon.
  7813 | D:7      | Found a blossoming altar of Fedhas.
  7815 | D:7      | Found a burning altar of Makhleb.
  7815 | D:7      | Found a stormy altar of Qazlal.
  8326 | D:8      | Found a flagged portal.
  8344 | Bailey   | Entered a bailey
  8578 | Bailey   | Reached skill level 13 in Polearms
  8914 | Bailey   | Noticed an orc knight
  8914 | Bailey   | Noticed an orc warlord
  8914 | Bailey   | Noticed an orc knight
  8915 | Bailey   | Noticed an orc knight
  8951 | Bailey   | Mangled by an orc knight

Illustrated notes

Levels and vault maps discovered:
D:1:      minmay_arrival_solitary_statue, layout_loops_ring,
          chequers_ecumenical_altar_island
D:2:      layout_loops_ring, uniq_natasha, uniq_crazy_yiuf_cottage
D:3:      layout_rooms, roderic_st_hans_cross, st_stairs_8
D:4:      kennysheep_kobold_camp, layout_basic, serial_shops,
          nicolae_shop_trees, shop, dk_noncrumbling_4
D:5:      layout_basic, minmay_temple_entry_mini_moons, serial_shops,
          nicolae_shop_trees, kennysheep_big_empty_room, uniq_edmund
D:6:      layout_loops_ring, uniq_eustachio
D:7:      layout_gridville, grunt_temple_overflow_open,
          hellmonk_bongcloud_opening, roderic_lattice_a, kennysheep_nub
D:8:      layout_loops_ring, gammafunk_temple_overflow_elements,
          nicolae_ossuary_entry_giza, enter_bailey_5, grunt_decor_clamped
Bailey:   bailey_axe_minmay_hex_keep, bailey

Skill      XL: |  1  2  3  4  5  6  7  8  9 10 |
---------------+-------------------------------+-----
Polearms       | 3 4 6 7 10 12 13 | 13.1
Fighting       | 4 5 |  5.0
Invocations    | 2 4 |  4.7
Armour         | |  3.2
Shields        | |  3.6

Action                   |  1- 3 |  4- 6 |  7- 9 | 10-12 || total
-------------------------+-------+-------+-------+-------++-------
Melee: Trident           |   116 |   138 |   394 |   244 ||   892
Throw: Dart              |       |       |     6 |     3 ||     9
Invok: Lesser Healing    |       |       |     1 |     2 ||     3
       Greater Healing   |       |       |     2 |     3 ||     5
       Divine Protection |       |       |       |     1 ||     1
 Abil: Dig               |       |     1 |     2 |       ||     3
Evoke: Wand              |       |       |     2 |       ||     2
  Use: Scroll            |       |     8 |     8 |     1 ||    17
       Potion            |       |     1 |       |     2 ||     3
Armor: Scale mail        |    48 |    36 |     3 |       ||    87
       Chain mail        |       |       |   124 |    69 ||   193
Dodge: Dodged            |    34 |    25 |    67 |    36 ||   162
Block: Kite shield       |    51 |    52 |   162 |   107 ||   372

Table legend: (Time is in decaauts)
 A = Elapsed time spent in this place.
 B = Non-inter-level travel time spent in this place.
 C = Inter-level travel time spent in this place.
 D = Time resting spent in this place.
 E = Time spent auto-exploring this place.
 F = Levels seen in this place.
 G = Mean time per level.
                   A        B        C        D        E       F      G
               +--------+--------+--------+--------+--------+-----+--------+
         Total |   8996 |   8780 |    216 |   1221 |   5872 |   9 |  999.6 |
       Dungeon |   8418 |   8202 |    216 |    968 |   5872 |   8 | 1052.2 |
        Bailey |    578 |    578 |      0 |    253 |      0 |   1 |  578.0 |
               +--------+--------+--------+--------+--------+-----+--------+

Top non-repeatable levels by time:
     D:4: 2036 daAuts
     D:7: 1493 daAuts
     D:2: 1354 daAuts
     D:5: 1068 daAuts
     D:6: 923 daAuts
     D:1: 858 daAuts
     D:3: 652 daAuts
  Bailey: 578 daAuts
     D:8: 31 daAuts
